 Dungeon Crawl Stone Soup version 0.31-a0-460-g9e667d4245 (webtiles) character file.

Game seed: 13255033924564480467

323 Maratek the Caller (level 6, 0/44 (46) HPs)
             Began as a Draconian Summoner on Aug 4, 2023.
             Was a Believer of Qazlal.
             Slain by a wight
             ... wielding a +4 mace
              (7 damage)
             ... on level 7 of the Dungeon.
             The game lasted 00:18:01 (4567 turns).

Maratek the Caller (Draconian Summoner)             Turns: 4567, Time: 00:18:02

HP:   0/44 (46)     AC:  7    Str: 11    XL:     6   Next: 23%
MP:   0/11          EV: 12    Int: 17    God:    Qazlal [**....]
Gold: 138           SH:  3    Dex: 11    Spells: 6/12 levels left

rFire   . . .        k - +2 quarterstaff (chaos)
rCold   . . .        (shield currently unavailable)
rNeg    . . .        (body armour unavailable)
rPois   .            (helmet restricted)
rElec   .            e - +0 cloak
rCorr   .            (no gloves)
SInv    .            (no boots)
Will    .....        (no amulet)
Stlth   ++           (no ring)
HPRegen 0.27/turn    (no ring)
MPRegen 0.12/turn

%: no passive effects
@: lightly drained
A: AC +6, unfitting armour, cold-blooded
a: Renounce Religion, Upheaval


You were on level 7 of the Dungeon.
You worshipped Qazlal.
Qazlal was pleased with you.
You visited 1 branch of the dungeon, and saw 5 of its levels.

You collected 138 gold pieces.

Inventory:

Hand Weapons
 k - a +2 quarterstaff of chaos (weapon)
Missiles
 g - a throwing net
Armour
 e - a +0 cloak (worn)
Magical Staves
 c - a staff of earth
Scrolls
 b - a scroll of enchant weapon {unknown}
 d - a scroll of amnesia {unknown}
 f - 2 scrolls of teleportation {unknown}
 j - a scroll of noise {unknown}
 l - 2 scrolls of fog {unknown}
 m - 2 scrolls of identify {unknown}
 n - a scroll of enchant armour {unknown}
Potions
 a - a potion of magic
 h - a potion of heal wounds {unknown}
 i - a potion of might {unknown}


   Skills:
 + Level 0.6 Fighting
 + Level 0.8 Staves
 + Level 2.4 Dodging
 + Level 2.3 Stealth
 + Level 0.3 Shields
 + Level 3.8 Spellcasting
 + Level 5.8 Summonings


You had 6 spell levels left.
You knew the following spells:

 Your Spells              Type           Power      Damage    Failure   Level
a - Summon Small Mammal   Summ           92%        N/A       1%          1
b - Call Canine Familiar  Summ           23%        N/A       4%          3
c - Call Imp              Summ           46%        N/A       2%          2

Your spell library contained the following spells:

 Spells                   Type           Power      Damage    Failure   Level
 Summon Guardian Golem    Hex/Summ       13%        N/A       14%         3
 Apportation              Tloc           6%         N/A       16%         1
 Necrotise                Necr           12%        1d4       16%         1
 Summon Lightning Spire   Summ/Air       13%        N/A       43%         4


Dungeon Overview and Level Annotations

Branches:
Dungeon (4/15)
 Temple: D:4-7

Altars:
Okawaru
Qazlal
Trog


Innate Abilities, Weirdness & Mutations

Your plain brown scales are hard. (AC +6)
You cannot fit into any form of body armour.
You are cold-blooded and may be slowed by cold attacks.


Message History

Casting: Call Canine Familiar (dangerous; 4% risk of failure)
Confirm with . or Enter, or press ? or * to list all spells.
Your cerulean imp barely misses the wight.
Something completely misses your cerulean imp.
You swap places.
The wight barely misses your hound.
Your hound closely misses the wight.
Your hound barely misses the wight.
Your hound bites the wight.
The wight hits your hound with a +4 mace.
The wight drains your hound.
Your hound bites the wight but does no damage.
Your cerulean imp hits the wight with a -2 spear.
The wight barely misses your hound.
The wight barely misses your cerulean imp.
Your hound closely misses the wight.
Your hound barely misses the wight.
The wight hits your hound with a +4 mace!
Your hound dies!
Your hound's corpse disappears in a puff of smoke!
The wight completely misses something.
Casting: Call Canine Familiar (dangerous; 4% risk of failure)
Confirm with . or Enter, or press ? or * to list all spells.
Your hound completely misses the wight.
The wight hits your hound with a +4 mace!
Your hound misses the wight.
Your hound barely misses the wight.
The wight completely misses your hound.
Your hound bites the wight but does no damage.
The wight hits your hound with a +4 mace.
The wight drains your hound.
Your hound dies!
Your hound's corpse disappears in a puff of smoke!
The wight hits you with a +4 mace!
Casting: Call Canine Familiar (dangerous; 4% risk of failure)
Confirm with . or Enter, or press ? or * to list all spells.
A tiny devil pulls itself out of the air.
The wight hits you with a +4 mace.
You feel drained.
The wight hits you with a +4 long sword!
The wight attacks as you move away! The wight hits you with a +0 falchion!
* * * LOW HITPOINT WARNING * * *
Your cerulean imp hits the wight but does no damage.
The wight attacks as you move away! The wight hits you with a +4 mace!
You die...

###..#....................#
#..#.....##..............
..........#...........##.
##..#.....................
##.#..................#..
#..................#.#
##...5.z.##..#.......
##...zz#######.......
##..○@.# ###.... ###...#
#... ##..# .. ....# #..##
#.## ###


You could see 3 wights and a friendly cerulean imp (summoned).

Vanquished Creatures
  3 adders (D:3)
  A dart slug (D:4)
  An orc (D:3)
  A ball python (D:3)
  2 endoplasms
  A giant cockroach (D:3)
  A kobold (D:4)
  A quokka (D:1)
  3 bats
  2 frilled lizards
  3 goblins (D:2)
  A rat (D:2)
20 creatures vanquished.

Vanquished Creatures (collateral kills)
  Sigmund (D:2)
  Crazy Yiuf (D:2)
  Robin (D:2)
  2 adders (D:2)
  6 ball pythons
  7 endoplasms
  A giant cockroach (D:1)
  7 hobgoblins
  6 jackals
  3 kobolds
  4 bats
  A frilled lizard (D:1)
  14 goblins
  2 rats (D:1)
56 creatures vanquished.

Grand Total: 76 creatures vanquished

Notes
Turn   | Place    | Note
-------+----------+-------------------------------------------
     0 | D:1      | Maratek the Draconian Summoner began the quest for the Orb.
     0 | D:1      | Reached XP level 1. HP: 14/14 MP: 3/3
   498 | D:1      | Reached XP level 2. HP: 20/20 MP: 0/5
  1226 | D:1      | Found a faded altar of an unknown god.
  1236 | D:1      | Prayed at the altar of an unknown god.
  1236 | D:1      | Became a worshipper of Qazlal Stormbringer
  1236 | D:1      | Reached * piety under Qazlal
  1922 | D:2      | Reached XP level 3. HP: 26/26 MP: 2/6
  2181 | D:2      | Learned a level 3 spell: Call Canine Familiar
  2626 | D:2      | Noticed Sigmund
  2630 | D:2      | Noticed Robin
  2677 | D:2      | Reached ** piety under Qazlal
  2747 | D:2      | Reached skill level 5 in Summonings
  2799 | D:2      | Reached XP level 4. HP: 33/33 MP: 3/8
  2926 | D:2      | Killed Robin
  2958 | D:2      | Killed Sigmund
  2959 | D:2      | Reached XP level 5. HP: 39/39 MP: 5/10
  3066 | D:2      | Found a runed translucent door.
  3067 | D:2      | Noticed Crazy Yiuf
  3199 | D:2      | Learned a level 2 spell: Call Imp
  3419 | D:2      | Killed Crazy Yiuf
  3420 | D:2      | Reached XP level 6. HP: 21/46 MP: 0/11
  3653 | D:3      | Found an iron altar of Okawaru.
  3918 | D:3      | Found a bloodstained altar of Trog.
  4503 | D:4      | You fall into a shaft and drop 3 floors!
  4567 | D:7      | Slain by a wight

Illustrated notes

Levels and vault maps discovered:
D:1:      psy_arrival_whirlpool, layout_loops_corners,
          shapermc_ecumenical_altar_mp_urbaneastern, hangedman_feature_mirror
D:2:      layout_basic, hangedman_abyss_or_decor_lesser_grid, uniq_robin,
          uniq_crazy_yiuf_cottage, uniq_sigmund
D:3:      layout_rooms, old_standard_altar, trog_hazing_becter,
          kennysheep_another_room, minmay_misc_feat_rugged,
          minmay_misc_feat_rows
D:4:      layout_gridville, minmay_door_square, hangedman_decor_slide_cut,
          hangedman_abyss_or_decor_stabs, uniq_menkaure, uniq_grinder
D:7:      layout_cave_pools, serial_shops, shop

Skill      XL: |  1  2  3  4 |
---------------+-------------+-----
Dodging        | 2 |  2.4
Summonings     | 5 |  5.8
Stealth        | 2 |  2.3
Spellcasting   | 3 |  3.8
Fighting       | |  0.6
Staves         | |  0.8
Shields        | |  0.3

Action                     |  1- 3 |  4- 6 || total
---------------------------+-------+-------++-------
  Melee: Staff             |    37 |    14 ||    51
         Tailslap          |     4 |     1 ||     5
         Punch             |     1 |       ||     1
         Quarterstaff      |       |    23 ||    23
   Cast: Summon Small Mamm |   100 |     6 ||   106
         Call Canine Famil |     9 |    11 ||    20
         Call Imp          |       |     7 ||     7
 Armour: Skin              |    49 |     9 ||    58
  Dodge: Dodged            |    84 |    24 ||   108
  Block: Other             |     6 |     4 ||    10

Table legend: (Time is in decaauts)
 A = Elapsed time spent in this place.
 B = Non-inter-level travel time spent in this place.
 C = Inter-level travel time spent in this place.
 D = Time resting spent in this place.
 E = Time spent auto-exploring this place.
 F = Levels seen in this place.
 G = Mean time per level.
                   A        B        C        D        E       F      G
               +--------+--------+--------+--------+--------+-----+--------+
         Total |   4586 |   4432 |    154 |    391 |   2801 |   5 |  917.2 |
       Dungeon |   4586 |   4432 |    154 |    391 |   2801 |   5 |  917.2 |
               +--------+--------+--------+--------+--------+-----+--------+

Top non-repeatable levels by time:
     D:1: 1959 daAuts
     D:2: 1662 daAuts
     D:3: 726 daAuts
     D:4: 174 daAuts
     D:7: 63 daAuts
